General information
			
			
        
        - name: jay2
 
        - type: Custom game
 
        - host: TALONSAREIMBA
 
        - saver: TIMG4STRok
 
        
map: TwistedMeadows 
        - players: 5
 
        - length: 24:11
 
        - speed: Fast
 - version: 1.22 W3XP
 - replay type:  

 
» download(197 KB)
Players
        team 1 (loser) 
              
              
TALONSAREIMBA (
pink | 128 APM | 3102 actions | 24:10)
              
 4 Death Knight 
 2 Death Coil
 2 Unholy Aura
 2 Lich 
 1 Frost Nova
 1 Dark Ritual
 
                » actions 
                
                | Assign group hotkey | 20 |  | 
| Basic commands | 125 |  | 
| Build / train | 76 |  | 
| ESC pressed | 5 |  | 
| Enter build submenu | 29 |  | 
| Enter hero's abilities submenu | 6 |  | 
| Give item / drop item | 9 |  | 
| Right click | 1621 |  | 
| Select / deselect | 647 |  | 
| Select group hotkey | 460 |  | 
| Use ability | 104 |  | 
                3102 total
 » units 
                
                | Acolyte | 23 |  | 
| Ghoul | 8 |  | 
| Crypt Fiend | 13 |  | 
| Frost Wyrm | 2 |  | 
                46 total
 » upgrades
                » buildings
                
                | Crypt | 3 |  | 
| Graveyard | 1 |  | 
| Altar of Darkness | 1 |  | 
| Ziggurat | 7 |  | 
| Tomb of Relics | 2 |  | 
| Halls of the Dead | 1 |  | 
| Black Citadel | 1 |  | 
| Spirit Tower | 7 |  | 
| Necropolis | 2 |  | 
| Sacrificial Pit | 1 |  | 
| Boneyard | 4 |  | 
                30 total
 » build order
                00:06 Crypt
00:09 Crypt
00:18 Graveyard
00:42 Altar of Darkness
00:57 Ziggurat
01:24 Tomb of Relics
01:59 Ziggurat
04:18 Halls of the Dead
04:41 Ziggurat
06:12 Ziggurat
08:41 Black Citadel
09:29 Spirit Tower
09:53 Spirit Tower
10:40 Crypt
10:43 Necropolis
12:17 Spirit Tower
12:20 Ziggurat
13:24 Spirit Tower
13:35 Sacrificial Pit
13:50 Spirit Tower
14:41 Ziggurat
15:02 Ziggurat
15:45 Spirit Tower
15:47 Boneyard
16:22 Boneyard
17:19 Boneyard
18:03 Spirit Tower
18:32 Tomb of Relics
19:33 Necropolis
19:36 Boneyard
» items
                
                | Rod of Necromancy | 1 |  | 
| Potion of Mana | 2 |  | 
| Sacrificial Skull | 1 |  | 
| Scroll of Town Portal | 5 |  | 
| Orb of Corruption | 1 |  | 
                10 total
  
               team 2 (winner) 
              
              
LynFAN69OhYEAH (
red | 240 APM | 5790 actions | 24:10)
              
 4 Death Knight 
 2 Death Coil
 2 Unholy Aura
 2 Lich 
 1 Frost Nova
 1 Dark Ritual
 2 Crypt Lord 
 1 Impale
 1 Spiked Carapace
 
                » actions 
                
                | Assign group hotkey | 51 |  | 
| Basic commands | 142 |  | 
| Build / train | 91 |  | 
| ESC pressed | 1 |  | 
| Enter build submenu | 20 |  | 
| Enter hero's abilities submenu | 8 |  | 
| Give item / drop item | 5 |  | 
| Remove unit from queue | 2 |  | 
| Right click | 2210 |  | 
| Select / deselect | 543 |  | 
| Select group hotkey | 2569 |  | 
| Use ability | 148 |  | 
                5790 total
 » units 
                
                | Acolyte | 6 |  | 
| Ghoul | 5 |  | 
| Crypt Fiend | 12 |  | 
| Obsidian Statue | 2 |  | 
| Frost Wyrm | 1 |  | 
| Meatwagon | 2 |  | 
                28 total
 » upgrades
                
                | Burrow | 1 |  | 
| Creature Attack | 3 |  | 
| Destroyer Form | 1 |  | 
| Stone Form | 1 |  | 
| Creature Carapace | 1 |  | 
| Freezing Breath | 1 |  | 
| Web | 1 |  | 
                9 total
 » buildings
                
                | Crypt | 1 |  | 
| Graveyard | 2 |  | 
| Altar of Darkness | 1 |  | 
| Ziggurat | 8 |  | 
| Tomb of Relics | 1 |  | 
| Halls of the Dead | 2 |  | 
| Black Citadel | 5 |  | 
| Slaughterhouse | 1 |  | 
| Sacrificial Pit | 1 |  | 
| Boneyard | 1 |  | 
| Spirit Tower | 6 |  | 
                29 total
 » build order
                00:04 Crypt
00:06 Graveyard
00:08 Graveyard
00:42 Altar of Darkness
00:56 Ziggurat
01:23 Ziggurat
01:41 Tomb of Relics
03:48 Halls of the Dead
03:48 Halls of the Dead
04:02 Ziggurat
05:19 Ziggurat
06:30 Black Citadel
06:30 Black Citadel
06:30 Black Citadel
06:30 Black Citadel
07:07 Slaughterhouse
12:33 Sacrificial Pit
13:31 Boneyard
14:07 Spirit Tower
14:07 Spirit Tower
14:07 Spirit Tower
14:42 Ziggurat
14:43 Ziggurat
20:09 Ziggurat
20:10 Ziggurat
22:23 Spirit Tower
22:24 Spirit Tower
22:24 Spirit Tower
» items
                
                | Rod of Necromancy | 5 |  | 
| Potion of Healing | 1 |  | 
| Dust of Appearance | 2 |  | 
| Orb of Corruption | 2 |  | 
| Scroll of Town Portal | 4 |  | 
                14 total
  
               refereesRush[yyz], 
TIMG4STRok, 
Betrayed_Spirit Chat log
          (00:06 / All) Rush[yyz]: the match up of the century
(00:12 / All) TIMG4STRok: are you fuckin serious i come back and this is what i have to see, an undead mirror
(00:14 / All) TALONSAREIMBA: jay dont make this a replay
(00:21 / All) LynFAN69OhYEAH: stfu
(00:23 / All) TALONSAREIMBA: UD = takes the most skill in solo
(00:28 / All) LynFAN69OhYEAH: True
(00:29 / All) LynFAN69OhYEAH: Dat
(00:30 / All) LynFAN69OhYEAH: son
(00:35 / All) TIMG4STRok: thats why you're not a solo player right
(00:38 / All) TALONSAREIMBA: yeah..
(00:39 / All) LynFAN69OhYEAH: i can attest! nyuck nyuck
(00:40 / All) TALONSAREIMBA: actually
(00:41 / All) Rush[yyz]: UD is gay!
(00:45 / All) TALONSAREIMBA: that's exactly why
(00:47 / All) Rush[yyz]: hehe
(00:59 / All) LynFAN69OhYEAH: suck my dick elf boy
(01:01 / All) TALONSAREIMBA: and if u do play solo
(01:03 / All) TALONSAREIMBA: u cant fiend
(01:06 / All) TALONSAREIMBA: unless u have godlike micro
(01:16 / All) LynFAN69OhYEAH: "like jay used to have"
(01:18 / All) TALONSAREIMBA: u lose like 1 fiend
(01:19 / All) Rush[yyz]: that helps in all game types i thought
(01:20 / All) TIMG4STRok: ghouls are more fun than fiends and as a random player i'd say hu is hardest      my unbiased opinion
(01:21 / All) TALONSAREIMBA: ur already losing
(01:29 / All) TALONSAREIMBA: if ghouls is fun
(01:35 / All) TALONSAREIMBA: ghouls arent fun
(01:38 / All) Rush[yyz]: ive never seen talons use ghouls
(01:39 / All) LynFAN69OhYEAH: expo tower tank say it with me
(01:40 / All) Rush[yyz]: EVER
(01:43 / All) TIMG4STRok: you kidding all you gotta do is click fast
(01:51 / All) LynFAN69OhYEAH: i fucked up allreday
(01:52 / All) LynFAN69OhYEAH: sigh
(01:54 / All) Betrayed_Spirit: i only ghouls when gettin fed
(01:55 / All) TIMG4STRok: last time he used ghouls, well, lets just say he hasnt heard the end of it
(01:55 / All) LynFAN69OhYEAH: im not ud
(02:01 / All) TALONSAREIMBA: no
(02:06 / All) TALONSAREIMBA: it's just that the HU towered up
(02:09 / All) TALONSAREIMBA: and harassed with a lvl5 pally
(02:15 / All) TALONSAREIMBA: And I suicided
(02:17 / All) TALONSAREIMBA: into the mine
(02:18 / All) TIMG4STRok: whyd you let game get that long
(02:19 / All) LynFAN69OhYEAH: Wtf was i thinking
(02:22 / All) LynFAN69OhYEAH: im an ud commander
(02:25 / All) LynFAN69OhYEAH: why am i switching
(02:27 / All) TALONSAREIMBA: I didn't block mine
(02:29 / All) LynFAN69OhYEAH: aw god i missed u guys!
(02:30 / All) Rush[yyz]: lol
(02:31 / All) LynFAN69OhYEAH: i love u gfiend
(02:34 / All) LynFAN69OhYEAH: i love u ghouls
(02:39 / All) TALONSAREIMBA: yup
(02:50 / Referees) TIMG4STRok: who the heck gets fiend in ud mirro
(02:51 / All) TALONSAREIMBA: orc = strongest race
(02:52 / Referees) TIMG4STRok: man
(02:53 / All) TALONSAREIMBA: also gayest
(02:56 / All) Rush[yyz]: i love the smell of rancid blight 
(03:07 / All) TALONSAREIMBA: all the top 10 players are orcs
(03:08 / Referees) TIMG4STRok: fiend death knight this is going to turn into a 3 hour creepfest
(03:09 / All) LynFAN69OhYEAH: me2
(03:10 / All) TALONSAREIMBA: ?:(
(03:14 / All) Betrayed_Spirit: i just dont like orcs burrow rushes
(03:43 / All) TIMG4STRok: did you guys coordinate this game to be as gay as possible by the way
(03:52 / All) TALONSAREIMBA: yes
(03:53 / All) Rush[yyz]: talons creep is slightley worse
(04:03 / All) TALONSAREIMBA: 26 food tech
(04:12 / All) Rush[yyz]: lol
(04:13 / All) TIMG4STRok: how can we troll these guys, i know lets both go dk fiend and creep for 45 minutes
(04:21 / All) TALONSAREIMBA: its a fiend battle
(04:28 / All) TALONSAREIMBA: only way to know whos better
(04:29 / All) TALONSAREIMBA: At ud
(04:33 / All) TIMG4STRok: at team ud
(04:48 / All) TALONSAREIMBA: nah ud generally
(04:52 / All) TIMG4STRok: why couldn't you do something fun like lich ghoul some acos
(04:56 / All) TALONSAREIMBA: i cant beat h4x in an ud fiend mirror
(05:02 / Referees) TIMG4STRok: thats because hes good
(05:06 / All) TIMG4STRok: thats because hes good
(05:11 / All) TALONSAREIMBA: at ud
(05:12 / All) Rush[yyz]: joober h4x
(05:24 / All) TIMG4STRok: guy beat me so you obviously wont beat him in anything booya
(05:49 / All) Rush[yyz]: well put together talons
(05:59 / All) Betrayed_Spirit: well thought out
(06:19 / All) TALONSAREIMBA: u wont be laughing!!
(06:20 / All) TALONSAREIMBA: !!!
(06:20 / Referees) TIMG4STRok: aco
(06:22 / Referees) TIMG4STRok: ty
(06:33 / All) LynFAN69OhYEAH: lool
(07:26 / All) TALONSAREIMBA: beef is not what jay said to nas
(07:31 / All) TALONSAREIMBA: beef is when workin nigga
(07:35 / All) TALONSAREIMBA: cant find jobs
(07:45 / All) Betrayed_Spirit: clever talons
(07:55 / All) TIMG4STRok: dont attempt things you cant handle
(08:03 / All) Rush[yyz]: *kick the generic hip-hop beat*
(08:10 / Referees) Rush[yyz]: "let me clear my throat"
(09:21 / All) Betrayed_Spirit: alt qq?
(09:30 / All) LynFAN69OhYEAH: Raped.
(09:34 / All) Rush[yyz]: your UD is lack luster
(09:41 / All) TIMG4STRok: maybe you should have gone ghoul garg
(09:52 / All) LynFAN69OhYEAH: m,aybe u should stfu?
(09:53 / All) TIMG4STRok: might not have gotten embarrassed so bad
(09:59 / All) Rush[yyz]: is that a challenge?
(10:12 / All) Betrayed_Spirit: tower up talons surely that will save u
(10:14 / All) TIMG4STRok: wasn;t talking to you but sure i'll take a big shit all over you after this game if thats what you want
(12:05 / Referees) TIMG4STRok: let me lead him up to my expo
(13:00 / All) TIMG4STRok: god damn talons
(14:53 / All) LynFAN69OhYEAH: leave.,
(17:02 / All) Rush[yyz]: im done...
(17:05 / All) Rush[yyz]: eff yeah
(17:18 / All) LynFAN69OhYEAH: leave
(17:22 / All) Betrayed_Spirit: plz
(17:35 / All) LynFAN69OhYEAH: leave
(17:35 / Referees) Betrayed_Spirit: l,mao
(18:47 / All) LynFAN69OhYEAH: leave
(19:01 / All) LynFAN69OhYEAH: leave
(19:13 / All) TALONSAREIMBA: I leave when it's over
(19:16 / All) TIMG4STRok: bye
(21:17 / All) Betrayed_Spirit: homo
(21:33 / All) Rush[yyz]: talons reminds me of brad
(21:38 / All) LynFAN69OhYEAH: right?
(21:44 / All) LynFAN69OhYEAH: dumb.
(21:45 / All) LynFAN69OhYEAH: fag
(21:47 / All) LynFAN69OhYEAH: sigh
(22:27 / All) LynFAN69OhYEAH: raped.
(22:29 / All) LynFAN69OhYEAH: leafve
(23:17 / Referees) Betrayed_Spirit: lol
(23:19 / All) Rush[yyz]: it almost made sense
(23:25 / All) Betrayed_Spirit: lmao
(23:48 / All) Betrayed_Spirit: rly jay no frost breath?